Blackhawks vs Wild

Created - 10 février 2018 at 15:55

Goals
1 2 3 T
Blackhawks 0 0 0 0
Wild 1 0 2 3
Shots
1 2 3 T
Blackhawks 6 8 7 21
Wild 9 7 12 28

1st period

1. Wild , Mark Stone 20 (Mikko Koivu 29, Marvin Degon 20) at 3:47

Penalties :
No Penalty

2nd period

No Goal

Penalties :
Anton Volchenkov (MIN) for Roughing (Minor) at 4:22, Jason Pominville (MIN) for Slashing (Minor) at 6:25, Brett Skinner (CHI) for Holding (Minor) at 14:25, Shea Weber (CHI) for Holding (Minor) at 17:06

3rd period

2. Wild , Leon Draisaitl 14 (Jason Pominville 30, Andy Greene 46) at 11:56
3. Wild , Mikko Koivu 17 (Mark Stone 30, Ian White 17) at 18:17

Penalties :
Derek Forbort (CHI) for Roughing (Minor) at 2:44

Goalie Stats

Nolan Schaefer (CHI), 25 saves from 28 shots - (0,893), L, 26-12-2, 60:00 minutes
John Gibson (MIN), 21 saves from 21 shots - (1,000), W, 26-16-4, 60:00 minutes

Players Stats for Blackhawks

Player Name              G  A  P  +/- PIM S  H  SB GA TA FO     MP     PP MP  PK MP  
------------------------------------------------------------------------------------
Brett Skinner            0  0  0   0  2   1  4  1  0  0  0/0    18:11   1:38   0:00 
Bryan Little             0  0  0   0  0   3  2  0  0  0  8/20   19:22   1:38   1:29 
David Rundblad           0  0  0   0  0   0  0  1  0  0  0/0     2:40   0:00   2:40 
Derek Forbort            0  0  0  -1  2   0  2  0  0  0  0/0    16:32   0:32   0:00 
Jamie Benn               0  0  0  -1  0   1  4  1  0  0  0/1    15:28   0:00   0:00 
Jamie Devane             0  0  0   0  0   0  0  0  0  0  0/1     3:10   0:32   0:00 
John Carlson             0  0  0   0  0   1  0  1  0  0  0/0    20:17   0:00   3:17 
Justin Faulk             0  0  0  -1  0   2  4  1  0  0  0/0    20:15   2:20   3:17 
Martin Havlat            0  0  0  -1  0   0  0  0  0  0  3/5    18:09   1:38   1:29 
Mika Zibanejad           0  0  0   0  0   0  2  0  0  0  0/0    19:25   0:32   0:00 
Nikolaj Ehlers           0  0  0  -2  0   2  1  0  0  0  0/1    20:00   1:38   0:00 
Ryan Bourque             0  0  0   0  0   0  0  0  0  0  0/0     1:00   0:32   0:28 
Ryan Nugent-Hopkins      0  0  0  -1  0   1  0  0  0  0  10/22  15:28   0:00   0:00 
Shea Weber               0  0  0  -2  2   0  3  1  0  0  0/0    20:04   1:38   0:00 
Steven Stamkos           0  0  0  -2  0   5  2  0  0  0  12/19  21:58   1:48   4:00 
Taylor Hall              0  0  0  -2  0   2  0  0  0  0  4/9    21:11   1:48   3:39 
Tyler Johnson            0  0  0   0  0   3  0  0  0  0  2/2    18:52   1:48   0:49 
Victor Hedman            0  0  0  -2  0   0  0  0  0  0  0/0    21:58   1:48   2:40 

Players Stats for Wild

Player Name              G  A  P  +/- PIM S  H  SB GA TA FO     MP     PP MP  PK MP  
------------------------------------------------------------------------------------
Andy Greene              0  1  1   2  0   1  0  1  0  0  0/0    24:43   3:17   1:18 
Anton Volchenkov         0  0  0   0  2   2  3  0  0  0  0/0    13:44   0:42   0:59 
Colin Wilson             0  0  0   0  0   0  0  0  0  0  3/7     6:20   0:00   0:00 
Drew Miller              0  0  0   0  0   4  0  0  0  0  6/13   13:16   3:05   0:36 
Ian White                0  1  1   2  0   0  1  1  0  0  0/0    21:21   2:40   2:02 
Jason Pominville         0  1  1   1  2   5  0  0  0  0  0/0    20:14   2:52   0:00 
Johan Franzen            0  0  0   0  0   0  0  0  0  0  0/0    11:03   0:00   1:28 
Leon Draisaitl           1  0  1   1  0   1  2  0  0  0  0/0    20:15   2:52   0:00 
Mark Stone               1  1  2   2  0   5  0  0  0  0  2/3    21:46   3:05   1:54 
Marvin Degon             0  1  1   1  0   4  1  0  0  0  0/0    22:13   2:40   1:40 
Matt Duchene             0  0  0   1  0   2  2  0  0  0  9/23   20:15   2:52   0:00 
Mikko Koivu              1  1  2   2  0   3  0  0  0  0  19/30  19:52   3:05   0:00 
Nicolas Blanchard        0  0  0   0  0   0  2  0  0  0  2/3     8:24   0:00   2:04 
Paul Ranger              0  0  0   1  0   0  1  1  0  0  0/0    19:50   0:00   1:57 
Peter Olvecky            0  0  0   0  0   1  1  0  0  0  0/1     9:35   0:00   0:00 
Radek Faksa              0  0  0   2  0   0  1  0  0  0  0/0    18:41   0:00   1:54 
Ryan Hamilton            0  0  0   0  0   0  0  0  0  0  0/0     6:20   0:00   0:00 
Tim Conboy               0  0  0   0  0   0  1  0  0  0  0/0    18:08   2:35   0:00 

3 Stars

1 - John Gibson (MIN)
2 - Mark Stone (MIN)
3 - Mikko Koivu (MIN)

Power Play

Blackhawks - 0 on 2 Attempt(s) - 0,00%
Wild - 0 on 3 Attempt(s) - 0,00%

Penalty Kill

Blackhawks - 3 on 3 Attempt(s) - 100,00% - Score 0 goal in Penalty Kill
Wild - 2 on 2 Attempt(s) - 100,00% - Score 0 goal in Penalty Kill

Team Stat

Blackhawks - Hits : 24 - Faceoff Wins : 39 - Blocked Shots : 6 - Penalty Minutes : 6
Wild - Hits : 15 - Faceoff Wins : 41 - Blocked Shots : 3 - Penalty Minutes : 4

Official

Referees : Mike Leggo and Jamie Koharski
Linesman : Bob St. Lawrence and Bill Lyons

Game Notes

No Game Note

Finance

Level 1 -- Attendance: 6000 (100,00%) -- Ticket Income 600 000 $
Level 2 -- Attendance: 5000 (100,00%) -- Ticket Income 300 000 $
Level 3 -- Attendance: 2000 (100,00%) -- Ticket Income 70 000 $
Level 4 -- Attendance: 4000 (100,00%) -- Ticket Income 80 000 $
Luxury Box -- Attendance: 1831 (99,84%) -- Ticket Income 366 200 $
Game was played at the Xcel Energy Center.
Total Attendance: 18831 (99,98%)
Total Ticket Income: 1 416 200 $
Other Income: 693 938 $
Total Income: 2 110 138 $

Blackhawks

5 vs 5 Forward 
   Center                   Left Wing                Right Wing               Time % Phy DF OF 
 1 Steven Stamkos           Taylor Hall              Nikolaj Ehlers           33     0   2  3  
 2 Bryan Little             Tyler Johnson            Mika Zibanejad           33     0   2  3  
 3 Ryan Nugent-Hopkins      Jamie Benn               Martin Havlat            33     0   3  2  
 4 Jamie Devane             Nikolaj Ehlers           Mika Zibanejad           1      0   3  2  

5 vs 5 Defense 
   Defense                  Defense                                           Time % Phy DF OF 
 1 Shea Weber               Victor Hedman                                     35     0   3  2  
 2 Brett Skinner            John Carlson                                      35     0   3  2  
 3 Justin Faulk             Derek Forbort                                     30     0   3  2  
 4 Shea Weber               Derek Forbort                                     0      0   3  2  

PowerPlay Forward 
   Center                   Left Wing                Right Wing               Time % Phy DF OF 
 1 Bryan Little             Nikolaj Ehlers           Martin Havlat            50     0   0  5  
 2 Tyler Johnson            Taylor Hall              Steven Stamkos           50     0   0  5  

PowerPlay Defense
   Defense                  Defense                                           Time % Phy DF OF 
 1 Shea Weber               Brett Skinner                                     50     0   1  4  
 2 Victor Hedman            Justin Faulk                                      50     0   1  4  

Penalty Kill 4 Players Forward 
   Center                   Wing                     Time % Phy DF OF 
 1 Taylor Hall              Steven Stamkos           60     0   3  2  
 2 Martin Havlat            Bryan Little             40     0   3  2  

Penalty Kill 4 Players Defense
   Defense                  Defense                  Time % Phy DF OF 
 1 Justin Faulk             John Carlson             60     0   3  2  
 2 Victor Hedman            David Rundblad           40     0   3  2  

Penalty Kill - 3 Players Forward 
   Forward                                           Time % Phy DF OF 
 1 Steven Stamkos                                    60     0   3  2  
 2 Bryan Little                                      40     0   3  2  

Penalty Kill - 3 Players Defense
   Defense                  Defense                  Time % Phy DF OF 
 1 Shea Weber               David Rundblad           60     0   3  2  
 2 Victor Hedman            Brett Skinner            40     0   3  2  

4 vs 4 Forward 
   Center                   Wing                     Time % Phy DF OF 
 1 Steven Stamkos           Martin Havlat            60     0   3  2  
 2 Tyler Johnson            Bryan Little             40     0   3  2  

4 vs 4 Defense
   Defense                  Defense                  Time % Phy DF OF 
 1 David Rundblad           Justin Faulk             60     0   2  3  
 2 Victor Hedman            Derek Forbort            40     0   2  3  

Last Minutes Offensive
   Center                   Left Wing                Right Wing               Defense                  Defense                  
   Steven Stamkos           Tyler Johnson            Martin Havlat            Shea Weber               Brett Skinner            

Last Minutes Defensive
   Center                   Left Wing                Right Wing               Defense                  Defense                  
   Steven Stamkos           Tyler Johnson            Martin Havlat            Shea Weber               Brett Skinner            

Goaltenders
Starting : Nolan Schaefer           
Backup : Cory Schneider           

Extra Forwards
Normal : Martin Havlat, Bryan Little, Steven Stamkos - PP : Steven Stamkos, Bryan Little - PK : Steven Stamkos
Extra Defensemen
Normal : Brett Skinner, Shea Weber, Victor Hedman - PP : Shea Weber - PK : Shea Weber, Victor Hedman
Penalty Shots
Steven Stamkos, Nikolaj Ehlers, Martin Havlat, Bryan Little, Taylor Hall
Custom OT Lines Forwards
Steven Stamkos, Tyler Johnson, Martin Havlat, Bryan Little, Taylor Hall, Jamie Benn, Mika Zibanejad, Nikolaj Ehlers, Ryan Nugent-Hopkins, Jamie Devane
Custom OT Lines Defensemen
Shea Weber, Derek Forbort, Victor Hedman, Justin Faulk, Brett Skinner

Scratches
None

Wild

5 vs 5 Forward 
   Center                   Left Wing                Right Wing               Time % Phy DF OF 
 1 Matt Duchene             Leon Draisaitl           Jason Pominville         34     0   2  3  
 2 Mikko Koivu              Radek Faksa              Mark Stone               33     0   2  3  
 3 Drew Miller              Johan Franzen            Peter Olvecky            20     0   2  3  
 4 Colin Wilson             Nicolas Blanchard        Ryan Hamilton            13     0   3  2  

5 vs 5 Defense 
   Defense                  Defense                                           Time % Phy DF OF 
 1 Andy Greene              Ian White                                         36     1   2  2  
 2 Paul Ranger              Marvin Degon                                      32     1   2  2  
 3 Anton Volchenkov         Tim Conboy                                        22     1   2  2  
 4 Andy Greene              Tim Conboy                                        10     1   2  2  

PowerPlay Forward 
   Center                   Left Wing                Right Wing               Time % Phy DF OF 
 1 Matt Duchene             Leon Draisaitl           Jason Pominville         53     0   0  5  
 2 Mikko Koivu              Mark Stone               Drew Miller              47     0   0  5  

PowerPlay Defense
   Defense                  Defense                                           Time % Phy DF OF 
 1 Tim Conboy               Andy Greene                                       54     0   2  3  
 2 Ian White                Marvin Degon                                      46     0   2  3  

Penalty Kill 4 Players Forward 
   Center                   Wing                     Time % Phy DF OF 
 1 Nicolas Blanchard        Johan Franzen            52     0   4  1  
 2 Radek Faksa              Mark Stone               48     0   4  1  

Penalty Kill 4 Players Defense
   Defense                  Defense                  Time % Phy DF OF 
 1 Ian White                Anton Volchenkov         53     0   4  1  
 2 Paul Ranger              Marvin Degon             47     0   4  1  

Penalty Kill - 3 Players Forward 
   Forward                                           Time % Phy DF OF 
 1 Johan Franzen                                     51     0   4  1  
 2 Radek Faksa                                       49     0   4  1  

Penalty Kill - 3 Players Defense
   Defense                  Defense                  Time % Phy DF OF 
 1 Ian White                Anton Volchenkov         52     0   5  0  
 2 Paul Ranger              Marvin Degon             48     0   5  0  

4 vs 4 Forward 
   Center                   Wing                     Time % Phy DF OF 
 1 Matt Duchene             Jason Pominville         51     0   2  3  
 2 Mikko Koivu              Leon Draisaitl           49     0   2  3  

4 vs 4 Defense
   Defense                  Defense                  Time % Phy DF OF 
 1 Andy Greene              Tim Conboy               52     0   2  3  
 2 Paul Ranger              Marvin Degon             48     0   2  3  

Last Minutes Offensive
   Center                   Left Wing                Right Wing               Defense                  Defense                  
   Mikko Koivu              Radek Faksa              Jason Pominville         Marvin Degon             Tim Conboy               

Last Minutes Defensive
   Center                   Left Wing                Right Wing               Defense                  Defense                  
   Jason Pominville         Johan Franzen            Mark Stone               Andy Greene              Ian White                

Goaltenders
Starting : John Gibson              
Backup : Josh Harding             

Extra Forwards
Normal : Ryan Hamilton, Johan Franzen, Drew Miller - PP : Ryan Hamilton, Johan Franzen - PK : Drew Miller
Extra Defensemen
Normal : Anton Volchenkov, Marvin Degon, Paul Ranger - PP : Anton Volchenkov - PK : Anton Volchenkov, Paul Ranger
Penalty Shots
Matt Duchene, Mark Stone, Jason Pominville, Mikko Koivu, Drew Miller
Custom OT Lines Forwards
Johan Franzen, Ryan Hamilton, Mikko Koivu, Radek Faksa, Drew Miller, Mark Stone, Leon Draisaitl, Jason Pominville, Colin Wilson, Peter Olvecky
Custom OT Lines Defensemen
Andy Greene, Ian White, Tim Conboy, Marvin Degon, Anton Volchenkov

Scratches
Mike Komisarek (Healthy), Dylan Hunter (Bruised Left Foot Injury), Yann Danis (Healthy)

% Time on Ice - Blackhawks

Lines # - Real PCT - Wanted PCT - Time Play
Normal Forward
1 - 31% - 33% - 15:44
2 - 32% - 33% - 16:15
3 - 31% - 33% - 15:28
4 - 5% - 1% - 2:38
Normal Defense
1 - 35% - 35% - 17:30
2 - 34% - 35% - 17:00
3 - 29% - 30% - 14:38
4 - 2% - 0% - 0:57
PP Forward
1 - 41% - 50% - 1:38
2 - 59% - 50% - 2:20
PP Defense
1 - 41% - 50% - 1:38
2 - 59% - 50% - 2:20
PK Forward
1 - 75% - 60% - 4:28
2 - 25% - 40% - 1:29
PK Defense
1 - 55% - 60% - 3:17
2 - 45% - 40% - 2:40
PK3 Forward
1 - 0% - 60%
2 - 0% - 40%
PK3 Defense
1 - 0% - 60%
2 - 0% - 40%
44 Forward
1 - 0% - 60%
2 - 0% - 40%
44 Defense
1 - 0% - 60%
2 - 0% - 40%
Last Minute Offensive  - 0:00
Last Minute Defensive  - 0:00
Total
Forward - 60:00
Defense - 60:00

% Time on Ice - Wild

Lines # - Real PCT - Wanted PCT - Time Play
Normal Forward
1 - 35% - 34% - 17:23
2 - 34% - 33% - 16:47
3 - 19% - 20% - 9:35
4 - 13% - 13% - 6:20
Normal Defense
1 - 33% - 36% - 16:39
2 - 36% - 32% - 17:53
3 - 24% - 22% - 11:50
4 - 7% - 10% - 3:43
PP Forward
1 - 48% - 53% - 2:52
2 - 52% - 47% - 3:05
PP Defense
1 - 55% - 54% - 3:17
2 - 45% - 46% - 2:40
PK Forward
1 - 52% - 52% - 2:04
2 - 48% - 48% - 1:54
PK Defense
1 - 58% - 53% - 2:18
2 - 42% - 47% - 1:40
PK3 Forward
1 - 0% - 51%
2 - 0% - 49%
PK3 Defense
1 - 0% - 52%
2 - 0% - 48%
44 Forward
1 - 0% - 51%
2 - 0% - 49%
44 Defense
1 - 0% - 52%
2 - 0% - 48%
Last Minute Offensive  - 0:00
Last Minute Defensive  - 0:00
Total
Forward - 60:00
Defense - 60:00

Play by Play

1st period


0:01 of 1st period - Steven Stamkos wins face-off versus Matt Duchene in neutral zone.
0:30 of 1st period - Shot by Taylor Hall.
0:30 of 1st period - Shot Misses the Net.
1:27 of 1st period - Shot by Bryan Little.
1:27 of 1st period - Stopped by John Gibson without a rebound.
1:28 of 1st period - Ryan Nugent-Hopkins wins face-off versus Mark Stone in Wild zone.
2:24 of 1st period - Shot by Johan Franzen.
2:24 of 1st period - Shot Misses the Net.
2:30 of 1st period - Shot by Drew Miller.
2:30 of 1st period - Stopped by Nolan Schaefer without a rebound.
2:31 of 1st period - Bryan Little wins face-off versus Colin Wilson in Blackhawks zone.
2:40 of 1st period - Shot by Bryan Little.
2:40 of 1st period - Stopped by John Gibson without a rebound.
2:41 of 1st period - Drew Miller wins face-off versus Bryan Little in Wild zone.
2:41 of 1st period - Drew Miller is hit by Bryan Little.
3:18 of 1st period - Shot by Drew Miller.
3:18 of 1st period - Deflect By Peter Olvecky.
3:18 of 1st period - Stopped by Nolan Schaefer without a rebound.
3:19 of 1st period - Mikko Koivu wins face-off versus Steven Stamkos in Blackhawks zone.
3:36 of 1st period - Shot by Mikko Koivu.
3:36 of 1st period - Shot Misses the Net.
3:47 of 1st period - Shot by Mark Stone.
3:47 of 1st period - Goal by Mark Stone - Blackhawks : 0 - Wild : 1.
3:48 of 1st period - Ryan Nugent-Hopkins wins face-off versus Colin Wilson in neutral zone.
4:16 of 1st period - Off-side.
4:17 of 1st period - Mikko Koivu wins face-off versus Bryan Little in neutral zone.
4:22 of 1st period - Shot by Mark Stone.
4:22 of 1st period - Shot Misses the Net.
5:24 of 1st period - Icing by Paul Ranger.
5:25 of 1st period - Mark Stone wins face-off versus Ryan Nugent-Hopkins in Wild zone.
5:27 of 1st period - Icing by Mikko Koivu.
5:28 of 1st period - Ryan Nugent-Hopkins wins face-off versus Mikko Koivu in Wild zone.
6:05 of 1st period - Shot by Jason Pominville.
6:05 of 1st period - Shot Misses the Net.
6:07 of 1st period - Shot by Leon Draisaitl.
6:07 of 1st period - Shot Misses the Net.
6:09 of 1st period - Shot by Jason Pominville.
6:09 of 1st period - Stopped by Nolan Schaefer without a rebound.
6:10 of 1st period - Steven Stamkos wins face-off versus Peter Olvecky in Blackhawks zone.
7:09 of 1st period - Off-side.
7:10 of 1st period - Matt Duchene wins face-off versus Ryan Nugent-Hopkins in neutral zone.
7:25 of 1st period - Shot by Matt Duchene.
7:25 of 1st period - Stopped by Nolan Schaefer without a rebound.
7:26 of 1st period - Bryan Little wins face-off versus Colin Wilson in Blackhawks zone.
7:26 of 1st period - Bryan Little is hit by Nicolas Blanchard.
7:55 of 1st period - Marvin Degon is hit by Shea Weber and loses puck.
8:24 of 1st period - John Carlson is hit by Nicolas Blanchard and loses puck.
8:50 of 1st period - Jason Pominville is hit by Brett Skinner and loses puck.
9:25 of 1st period - Shot by Justin Faulk.
9:25 of 1st period - Stopped by John Gibson without a rebound.
9:26 of 1st period - Steven Stamkos wins face-off versus Mikko Koivu in Wild zone.
9:41 of 1st period - Shot by Taylor Hall.
9:41 of 1st period - Deflect By Steven Stamkos.
9:41 of 1st period - Stopped by John Gibson without a rebound.
9:42 of 1st period - Drew Miller wins face-off versus Bryan Little in Wild zone.
10:11 of 1st period - Shot by Johan Franzen.
10:11 of 1st period - Deflect By Drew Miller.
10:11 of 1st period - Shot Misses the Net.
10:13 of 1st period - Shot by Johan Franzen.
10:13 of 1st period - Shot Misses the Net.
10:33 of 1st period - Ian White is hit by Mika Zibanejad and loses puck.
10:58 of 1st period - Off-side.
10:59 of 1st period - Matt Duchene wins face-off versus Steven Stamkos in neutral zone.
11:21 of 1st period - Shot by Steven Stamkos.
11:21 of 1st period - Stopped by John Gibson without a rebound.
11:22 of 1st period - Mikko Koivu wins face-off versus Ryan Nugent-Hopkins in Wild zone.
11:22 of 1st period - Mark Stone is hit by Brett Skinner and loses puck.
12:46 of 1st period - Shot by Leon Draisaitl.
12:46 of 1st period - Shot Misses the Net.
12:48 of 1st period - Shot by Tim Conboy.
12:48 of 1st period - Shot Misses the Net.
12:50 of 1st period - Shot by Matt Duchene.
12:50 of 1st period - Shot Misses the Net.
12:52 of 1st period - Shot by Anton Volchenkov.
12:52 of 1st period - Stopped by Nolan Schaefer without a rebound.
12:53 of 1st period - Bryan Little wins face-off versus Colin Wilson in Blackhawks zone.
13:09 of 1st period - Colin Wilson is hit by Shea Weber and loses puck.
13:48 of 1st period - Shea Weber is hit by Anton Volchenkov.
13:57 of 1st period - Off-side.
13:58 of 1st period - Steven Stamkos wins face-off versus Mikko Koivu in neutral zone.
14:07 of 1st period - Shot by Mikko Koivu.
14:07 of 1st period - Stopped by Nolan Schaefer without a rebound.
14:08 of 1st period - Matt Duchene wins face-off versus Ryan Nugent-Hopkins in Blackhawks zone.
14:32 of 1st period - Jason Pominville is hit by Justin Faulk and loses puck.
14:41 of 1st period - Shot by Jason Pominville.
14:41 of 1st period - Stopped by Nolan Schaefer with a rebound.
14:43 of 1st period - Shot by Anton Volchenkov.
14:43 of 1st period - Shot Misses the Net.
14:45 of 1st period - Shot by Matt Duchene.
14:45 of 1st period - Shot Misses the Net.
15:22 of 1st period - Icing by Justin Faulk.
15:23 of 1st period - Ryan Nugent-Hopkins wins face-off versus Drew Miller in Blackhawks zone.
15:35 of 1st period - Icing by Paul Ranger.
15:36 of 1st period - Drew Miller wins face-off versus Steven Stamkos in Wild zone.
15:36 of 1st period - Drew Miller is hit by Nikolaj Ehlers.
15:47 of 1st period - Marvin Degon is hit by Brett Skinner.
15:57 of 1st period - Shot by Drew Miller.
15:57 of 1st period - Stopped by Nolan Schaefer without a rebound.
15:58 of 1st period - Bryan Little wins face-off versus Mikko Koivu in Blackhawks zone.
17:09 of 1st period - Jason Pominville is hit by Steven Stamkos and loses puck.
17:43 of 1st period - Icing by Paul Ranger.
17:44 of 1st period - Matt Duchene wins face-off versus Ryan Nugent-Hopkins in Wild zone.
17:51 of 1st period - Off-side.
17:52 of 1st period - Drew Miller wins face-off versus Ryan Nugent-Hopkins in neutral zone.
17:52 of 1st period - Johan Franzen is hit by Jamie Benn and loses puck.
18:09 of 1st period - Jamie Benn is hit by Peter Olvecky and loses puck.
18:20 of 1st period - Shot by Jamie Benn.
18:20 of 1st period - Stopped by John Gibson without a rebound.
18:21 of 1st period - Mikko Koivu wins face-off versus Bryan Little in Wild zone.
18:21 of 1st period - Mikko Koivu is hit by Bryan Little.
18:26 of 1st period - Off-side.
18:27 of 1st period - Steven Stamkos wins face-off versus Matt Duchene in neutral zone.
18:39 of 1st period - Nikolaj Ehlers is hit by Anton Volchenkov and loses puck.
19:22 of 1st period - Jason Pominville is hit by Mika Zibanejad and loses puck.
Goals for this period are 0 for Blackhawks vs 1 for Wild.
Shots for this period are 6 for Blackhawks vs 9 for Wild.

2nd period


0:01 of 2nd period - Steven Stamkos wins face-off versus Mikko Koivu in neutral zone.
0:24 of 2nd period - Shot by Steven Stamkos.
0:24 of 2nd period - Shot Misses the Net.
0:29 of 2nd period - Shot by Taylor Hall.
0:29 of 2nd period - Shot Blocked by Andy Greene.
0:42 of 2nd period - Shot by Brett Skinner.
0:42 of 2nd period - Stopped by John Gibson with a rebound.
0:44 of 2nd period - Shot by John Carlson.
0:44 of 2nd period - Stopped by John Gibson without a rebound.
0:45 of 2nd period - Colin Wilson wins face-off versus Ryan Nugent-Hopkins in Wild zone.
0:45 of 2nd period - Colin Wilson is hit by Jamie Benn.
0:53 of 2nd period - Icing by Victor Hedman.
0:54 of 2nd period - Ryan Nugent-Hopkins wins face-off versus Matt Duchene in Blackhawks zone.
1:03 of 2nd period - Marvin Degon is hit by Jamie Benn and loses puck.
1:10 of 2nd period - Shot by Ryan Nugent-Hopkins.
1:10 of 2nd period - Stopped by John Gibson with a rebound.
1:12 of 2nd period - Shot by Martin Havlat.
1:12 of 2nd period - Shot Blocked by Paul Ranger.
2:56 of 2nd period - Shot by Johan Franzen.
2:56 of 2nd period - Shot Misses the Net.
3:00 of 2nd period - Shot by Drew Miller.
3:00 of 2nd period - Shot Blocked by Justin Faulk.
3:02 of 2nd period - Shot by Anton Volchenkov.
3:02 of 2nd period - Stopped by Nolan Schaefer without a rebound.
3:03 of 2nd period - Ryan Nugent-Hopkins wins face-off versus Nicolas Blanchard in Blackhawks zone.
3:29 of 2nd period - Icing by Martin Havlat.
3:30 of 2nd period - Ryan Nugent-Hopkins wins face-off versus Drew Miller in Blackhawks zone.
3:53 of 2nd period - Brett Skinner is hit by Marvin Degon.
4:03 of 2nd period - Shot by Bryan Little.
4:03 of 2nd period - Stopped by John Gibson without a rebound.
4:04 of 2nd period - Steven Stamkos wins face-off versus Mikko Koivu in Wild zone.
4:22 of 2nd period - Minor Penalty to Anton Volchenkov for Roughing.
4:23 of 2nd period - Nicolas Blanchard wins face-off versus Steven Stamkos in Wild zone.
4:45 of 2nd period - Shot by Tyler Johnson.
4:45 of 2nd period - Shot Misses the Net.
4:47 of 2nd period - Shot by Tyler Johnson.
4:47 of 2nd period - Shot Blocked by Ian White.
6:13 of 2nd period - Shot by Victor Hedman.
6:13 of 2nd period - Shot Misses the Net.
6:24 of 2nd period - Shea Weber is hit by Leon Draisaitl and loses puck.
6:25 of 2nd period - Minor Penalty to Jason Pominville for Slashing.
6:26 of 2nd period - Nicolas Blanchard wins face-off versus Bryan Little in Wild zone.
6:45 of 2nd period - Shot by Marvin Degon.
6:45 of 2nd period - Stopped by Nolan Schaefer with a rebound.
8:50 of 2nd period - Off-side.
8:51 of 2nd period - Bryan Little wins face-off versus Drew Miller in neutral zone.
9:00 of 2nd period - Shot by Tyler Johnson.
9:00 of 2nd period - Stopped by John Gibson without a rebound.
9:01 of 2nd period - Matt Duchene wins face-off versus Ryan Nugent-Hopkins in Wild zone.
9:10 of 2nd period - Shot by Jason Pominville.
9:10 of 2nd period - Shot Blocked by Brett Skinner.
9:12 of 2nd period - Shot by Leon Draisaitl.
9:12 of 2nd period - Shot Blocked by John Carlson.
9:16 of 2nd period - Shot by Jason Pominville.
9:16 of 2nd period - Shot Blocked by Jamie Benn.
9:29 of 2nd period - Icing by John Carlson.
9:30 of 2nd period - Mikko Koivu wins face-off versus Ryan Nugent-Hopkins in Blackhawks zone.
9:38 of 2nd period - Off-side.
9:39 of 2nd period - Mark Stone wins face-off versus Bryan Little in neutral zone.
10:06 of 2nd period - Shot by Tyler Johnson.
10:06 of 2nd period - Stopped by John Gibson without a rebound.
10:07 of 2nd period - Matt Duchene wins face-off versus Steven Stamkos in Wild zone.
10:09 of 2nd period - Icing by Jason Pominville.
10:10 of 2nd period - Matt Duchene wins face-off versus Steven Stamkos in Wild zone.
10:10 of 2nd period - Matt Duchene is hit by Steven Stamkos.
11:09 of 2nd period - Mark Stone is hit by Justin Faulk and loses puck.
11:42 of 2nd period - Shot by Mark Stone.
11:42 of 2nd period - Stopped by Nolan Schaefer without a rebound.
11:43 of 2nd period - Drew Miller wins face-off versus Ryan Nugent-Hopkins in Blackhawks zone.
11:49 of 2nd period - Icing by Jamie Benn.
11:50 of 2nd period - Ryan Nugent-Hopkins wins face-off versus Drew Miller in Blackhawks zone.
12:49 of 2nd period - Shot by Bryan Little.
12:49 of 2nd period - Deflect By Tyler Johnson.
12:49 of 2nd period - Shot Misses the Net.
13:41 of 2nd period - Marvin Degon is hit by Justin Faulk and loses puck.
14:08 of 2nd period - Shot by Steven Stamkos.
14:08 of 2nd period - Shot Misses the Net.
14:10 of 2nd period - Shot by Justin Faulk.
14:10 of 2nd period - Shot Misses the Net.
14:14 of 2nd period - Shot by Taylor Hall.
14:14 of 2nd period - Stopped by John Gibson without a rebound.
14:15 of 2nd period - Mikko Koivu wins face-off versus Martin Havlat in Wild zone.
14:15 of 2nd period - Mark Stone is hit by Brett Skinner and loses puck.
14:25 of 2nd period - Minor Penalty to Brett Skinner for Holding.
14:26 of 2nd period - Taylor Hall wins face-off versus Mikko Koivu in Blackhawks zone.
14:32 of 2nd period - Steven Stamkos is hit by Tim Conboy and loses puck.
14:49 of 2nd period - Shot by Steven Stamkos.
14:49 of 2nd period - Shot Misses the Net.
14:51 of 2nd period - Shot by Justin Faulk.
14:51 of 2nd period - Stopped by John Gibson without a rebound.
14:52 of 2nd period - Mikko Koivu wins face-off versus Taylor Hall in Wild zone.
15:11 of 2nd period - Shot by Mikko Koivu.
15:11 of 2nd period - Stopped by Nolan Schaefer without a rebound.
15:12 of 2nd period - Martin Havlat wins face-off versus Mikko Koivu in Blackhawks zone.
16:15 of 2nd period - Shot by Matt Duchene.
16:15 of 2nd period - Shot Blocked by David Rundblad.
16:17 of 2nd period - Shot by Matt Duchene.
16:17 of 2nd period - Stopped by Nolan Schaefer without a rebound.
16:18 of 2nd period - Tyler Johnson wins face-off versus Matt Duchene in Blackhawks zone.
17:06 of 2nd period - Minor Penalty to Shea Weber for Holding.
17:07 of 2nd period - Matt Duchene wins face-off versus Taylor Hall in Blackhawks zone.
17:22 of 2nd period - Shot by Jason Pominville.
17:22 of 2nd period - Stopped by Nolan Schaefer without a rebound.
17:23 of 2nd period - Mikko Koivu wins face-off versus Taylor Hall in Blackhawks zone.
18:18 of 2nd period - Shot by Marvin Degon.
18:18 of 2nd period - Stopped by Nolan Schaefer without a rebound.
18:19 of 2nd period - Martin Havlat wins face-off versus Matt Duchene in Blackhawks zone.
19:07 of 2nd period - Off-side.
19:08 of 2nd period - Colin Wilson wins face-off versus Jamie Benn in neutral zone.
19:38 of 2nd period - Shot by Nicolas Blanchard.
19:38 of 2nd period - Shot Misses the Net.
Goals for this period are 0 for Blackhawks vs 0 for Wild.
Shots for this period are 8 for Blackhawks vs 7 for Wild.

3rd period


0:01 of 3rd period - Mikko Koivu wins face-off versus Bryan Little in neutral zone.
0:32 of 3rd period - Shot by Mark Stone.
0:32 of 3rd period - Stopped by Nolan Schaefer without a rebound.
0:33 of 3rd period - Steven Stamkos wins face-off versus Matt Duchene in Blackhawks zone.
1:00 of 3rd period - Shot by Nikolaj Ehlers.
1:00 of 3rd period - Shot Misses the Net.
1:07 of 3rd period - Off-side.
1:08 of 3rd period - Mikko Koivu wins face-off versus Bryan Little in neutral zone.
1:35 of 3rd period - Shot by Mikko Koivu.
1:35 of 3rd period - Shot Misses the Net.
1:48 of 3rd period - Icing by Brett Skinner.
1:49 of 3rd period - Drew Miller wins face-off versus Bryan Little in Blackhawks zone.
2:27 of 3rd period - Drew Miller is hit by Justin Faulk and loses puck.
2:42 of 3rd period - Taylor Hall is hit by Leon Draisaitl and loses puck.
2:44 of 3rd period - Minor Penalty to Derek Forbort for Roughing.
2:45 of 3rd period - Taylor Hall wins face-off versus Matt Duchene in Blackhawks zone.
2:45 of 3rd period - Taylor Hall is hit by Matt Duchene.
3:17 of 3rd period - Shot by Jason Pominville.
3:17 of 3rd period - Stopped by Nolan Schaefer with a rebound.
3:19 of 3rd period - Shot by Andy Greene.
3:19 of 3rd period - Stopped by Nolan Schaefer without a rebound.
3:20 of 3rd period - Mikko Koivu wins face-off versus Martin Havlat in Blackhawks zone.
3:25 of 3rd period - Shot by Mark Stone.
3:25 of 3rd period - Stopped by Nolan Schaefer without a rebound.
3:26 of 3rd period - Mikko Koivu wins face-off versus Taylor Hall in Blackhawks zone.
3:37 of 3rd period - Shot by Mark Stone.
3:37 of 3rd period - Stopped by Nolan Schaefer without a rebound.
3:38 of 3rd period - Taylor Hall wins face-off versus Matt Duchene in Blackhawks zone.
3:42 of 3rd period - Off-side.
3:43 of 3rd period - Taylor Hall wins face-off versus Matt Duchene in neutral zone.
3:43 of 3rd period - John Carlson is hit by Matt Duchene and loses puck.
4:01 of 3rd period - Off-side.
4:02 of 3rd period - Mikko Koivu wins face-off versus Taylor Hall in neutral zone.
4:29 of 3rd period - Shot by Marvin Degon.
4:29 of 3rd period - Stopped by Nolan Schaefer without a rebound.
4:30 of 3rd period - Martin Havlat wins face-off versus Matt Duchene in Blackhawks zone.
4:52 of 3rd period - Shot by Mika Zibanejad.
4:52 of 3rd period - Deflect By Nikolaj Ehlers.
4:52 of 3rd period - Stopped by John Gibson without a rebound.
4:53 of 3rd period - Bryan Little wins face-off versus Mikko Koivu in Wild zone.
5:57 of 3rd period - Shot by Matt Duchene.
5:57 of 3rd period - Shot Blocked by Shea Weber.
6:43 of 3rd period - Shot by Drew Miller.
6:43 of 3rd period - Stopped by Nolan Schaefer with a rebound.
6:45 of 3rd period - Shot by Tim Conboy.
6:45 of 3rd period - Shot Misses the Net.
7:52 of 3rd period - Shot by Nikolaj Ehlers.
7:52 of 3rd period - Stopped by John Gibson without a rebound.
7:53 of 3rd period - Mikko Koivu wins face-off versus Ryan Nugent-Hopkins in Wild zone.
7:53 of 3rd period - Mikko Koivu is hit by Jamie Benn.
8:42 of 3rd period - Justin Faulk is hit by Paul Ranger and loses puck.
9:00 of 3rd period - Icing by Justin Faulk.
9:01 of 3rd period - Ryan Nugent-Hopkins wins face-off versus Matt Duchene in Blackhawks zone.
9:41 of 3rd period - Shot by Steven Stamkos.
9:41 of 3rd period - Stopped by John Gibson without a rebound.
9:42 of 3rd period - Steven Stamkos wins face-off versus Drew Miller in Wild zone.
10:20 of 3rd period - Icing by Steven Stamkos.
10:21 of 3rd period - Steven Stamkos wins face-off versus Mikko Koivu in Blackhawks zone.
11:33 of 3rd period - Shot by Leon Draisaitl.
11:33 of 3rd period - Shot Misses the Net.
11:35 of 3rd period - Shot by Andy Greene.
11:35 of 3rd period - Shot Misses the Net.
11:37 of 3rd period - Shot by Andy Greene.
11:37 of 3rd period - Shot Misses the Net.
11:39 of 3rd period - Shot by Leon Draisaitl.
11:39 of 3rd period - Shot Misses the Net.
11:41 of 3rd period - Shot by Andy Greene.
11:41 of 3rd period - Shot Misses the Net.
11:48 of 3rd period - Shot by Andy Greene.
11:48 of 3rd period - Shot Misses the Net.
11:56 of 3rd period - Shot by Leon Draisaitl.
11:56 of 3rd period - Goal by Leon Draisaitl - Blackhawks : 0 - Wild : 2.
11:57 of 3rd period - Bryan Little wins face-off versus Drew Miller in neutral zone.
12:23 of 3rd period - Bryan Little is hit by Anton Volchenkov and loses puck.
12:35 of 3rd period - Off-side.
12:36 of 3rd period - Steven Stamkos wins face-off versus Mikko Koivu in neutral zone.
12:49 of 3rd period - Shot by Steven Stamkos.
12:49 of 3rd period - Stopped by John Gibson without a rebound.
12:50 of 3rd period - Steven Stamkos wins face-off versus Matt Duchene in Wild zone.
13:25 of 3rd period - Shot by Jason Pominville.
13:25 of 3rd period - Stopped by Nolan Schaefer without a rebound.
13:26 of 3rd period - Mikko Koivu wins face-off versus Bryan Little in Blackhawks zone.
13:26 of 3rd period - Mark Stone is hit by Derek Forbort and loses puck.
14:01 of 3rd period - Icing by Paul Ranger.
14:02 of 3rd period - Mikko Koivu wins face-off versus Nikolaj Ehlers in Wild zone.
14:10 of 3rd period - Mark Stone is hit by Shea Weber and loses puck.
14:44 of 3rd period - Shot by Steven Stamkos.
14:44 of 3rd period - Stopped by John Gibson without a rebound.
14:45 of 3rd period - Tyler Johnson wins face-off versus Drew Miller in Wild zone.
15:06 of 3rd period - Shot by Drew Miller.
15:06 of 3rd period - Stopped by Nolan Schaefer with a rebound.
15:32 of 3rd period - Icing by Mika Zibanejad.
15:33 of 3rd period - Bryan Little wins face-off versus Matt Duchene in Blackhawks zone.
15:33 of 3rd period - Bryan Little is hit by Ian White.
15:36 of 3rd period - Icing by John Carlson.
15:37 of 3rd period - Mikko Koivu wins face-off versus Bryan Little in Blackhawks zone.
15:41 of 3rd period - Icing by John Carlson.
15:42 of 3rd period - Mikko Koivu wins face-off versus Bryan Little in Blackhawks zone.
16:25 of 3rd period - Shot by Taylor Hall.
16:25 of 3rd period - Stopped by John Gibson without a rebound.
16:26 of 3rd period - Matt Duchene wins face-off versus Ryan Nugent-Hopkins in Wild zone.
16:37 of 3rd period - Shot by Matt Duchene.
16:37 of 3rd period - Shot Misses the Net.
16:39 of 3rd period - Shot by Marvin Degon.
16:39 of 3rd period - Stopped by Nolan Schaefer without a rebound.
16:40 of 3rd period - Colin Wilson wins face-off versus Steven Stamkos in Blackhawks zone.
16:56 of 3rd period - Nicolas Blanchard is hit by Derek Forbort and loses puck.
17:58 of 3rd period - Taylor Hall is hit by Radek Faksa and loses puck.
18:17 of 3rd period - Shot by Mikko Koivu.
18:17 of 3rd period - Goal by Mikko Koivu - Blackhawks : 0 - Wild : 3.
18:18 of 3rd period - Ryan Nugent-Hopkins wins face-off versus Matt Duchene in neutral zone.
18:46 of 3rd period - Shot by Martin Havlat.
18:46 of 3rd period - Shot Misses the Net.
19:38 of 3rd period - Shot by Tyler Johnson.
19:38 of 3rd period - Stopped by John Gibson without a rebound.
19:39 of 3rd period - Mikko Koivu wins face-off versus Jamie Devane in Wild zone.
Goals for this period are 0 for Blackhawks vs 2 for Wild.
Shots for this period are 7 for Blackhawks vs 12 for Wild.